 Dungeon Crawl Stone Soup version 0.29-a0-919-gd064cfad1c (webtiles) character file.

Game seed: 9966817735855115628

252317 reriks the Imperceptible (level 18, -3/100 HPs)
             Began as a Spriggan Hunter on July 26, 2022.
             Was an Initiate of Gozag.
             Slain by a vault warden
             ... wielding a +2 long sword of holy wrath
              (31 damage)
             ... while paralysed by a Zot trap
             ... on level 2 of the Vaults on July 27, 2022.
             The game lasted 01:50:54 (78565 turns).

reriks the Imperceptible (Spriggan Hunter)         Turns: 78565, Time: 01:50:54

Health: -3/100     AC: 10    Str:  7    XL:     18   Next: 96%
Magic:  19/19      EV:  4    Int: 13    God:    Gozag
Gold:   10454      SH:  0    Dex: 22    Spells: 17/17 levels left

rFire   + + .      SeeInvis +   M - +9 hand crossbow (elec)
rCold   + + +      Faith    .   N - +3 buckler
rNeg    . . .      Spirit   .   y - +4 skin of Zhor {*Englaciate rC+++ SInv}
rPois   +          Reflect  +   (helmet restricted)
rElec   .          Harm     .   J - scarf {rC+ rF+}
rCorr   .          Rampage  .   (gloves unavailable)
Will    +....                   (boots unavailable)
Stlth   ++++......              O - amulet of reflection
HPRegen 0.26/turn               f - ring of protection from fire
MPRegen 0.16/turn               i - ring of poison resistance

@: paralysed, weak-willed, frozen, contaminated, glowing, quick
A: very small, no large weapons, unfitting armour, see invisible, speed 3,
talons 1, iridescent scales 2, clumsy 1, MP-powered wands
}: 2/15 runes: decaying, serpentine
a: Renounce Religion, Potion Petition, Call Merchant, Bribe Branch


You were on level 2 of the Vaults.
You worshipped Gozag.
Gozag was extremely pleased with you.
You visited 8 branches of the dungeon, and saw 33 of its levels.
You visited the Abyss 1 time.
You also visited: Gauntlet and Ice Cave.

You collected 13218 gold pieces.
You spent 1696 gold pieces at shops.
You paid 1068 gold pieces to Gozag.

Inventory:

Hand Weapons
 a - the +8 arbalest of Decaying Blind Justice {flame, rCorr Dex+4}
   (You found it on level 12 of the Dungeon)

   Any ammunition fired from it burns those it strikes, dealing additional fire
   damage.
   Dex:       It affects your dexterity (+4).
   rCorr:     It protects you from acid and corrosion.
 M - a +9 hand crossbow of electrocution (weapon)
Missiles
 x - 3 throwing nets
Armour
 y - the +4 skin of Zhor (worn) {*Englaciate rC+++ SInv}
   (You found it on level 9 of the Dungeon)

   It radiates cold, occasionally slowing all nearby creatures who are not
   resistant to cold.
   rC:        It renders you almost immune to cold.
   SInv:      It lets you see invisible.
 J - a scarf of resistance (worn)
 N - a +3 buckler (worn)
Jewellery
 f - a ring of protection from fire (left hand)
 i - a ring of poison resistance (right hand)
 q - the ring "Desuvewa" {Wiz *Slow +Blink rF+ rCorr}
   (You took it off a white draconian in an ice cave)

   [ring of wizardry]

   It improves your spell success rate.
   rF:        It protects you from fire.
   +Blink:    It lets you blink.
   rCorr:     It protects you from acid and corrosion.
   *Slow:     It may slow you when you take damage.
 I - the ring of Tymehexe {rCorr SInv}
   (You bought it in a shop on level 3 of the Snake Pit)

   [ring of resist corrosion]

   SInv:      It lets you see invisible.
   rCorr:     It protects you from acid and corrosion.
 L - an amulet of regeneration
 O - an amulet of reflection (around neck)
 P - a ring of flight
 Z - a ring of positive energy
Wands
 c - a wand of paralysis (6)
 j - a wand of light (4)
 k - a wand of roots (26)
 R - a wand of digging (3)
Scrolls
 b - 3 scrolls of immolation
 g - 6 scrolls of fear
 m - a scroll of enchant weapon
 t - 8 scrolls of noise
 w - 6 scrolls of poison
 A - 8 scrolls of amnesia
 B - 9 scrolls of enchant armour
 D - 2 scrolls of blinking
 S - 5 scrolls of magic mapping
 T - 11 scrolls of teleportation
 U - 18 scrolls of identify
 V - 3 scrolls of butterflies
Potions
 d - 8 potions of brilliance
 e - 9 potions of attraction
 h - 8 potions of lignification
 l - 7 potions of might
 n - 4 potions of degeneration
 o - 16 potions of curing
 p - 7 potions of heal wounds
 s - a potion of invisibility
 u - 3 potions of haste
 z - 4 potions of cancellation
 C - 4 potions of resistance
 E - 3 potions of mutation
 F - 3 potions of berserk rage
 G - 3 potions of ambrosia
 Q - 3 potions of flight


   Skills:
 + Level 13.5 Fighting
 - Level 20.5 Ranged Weapons
 + Level 20.1 Dodging
 + Level 23.2 Stealth
 * Level 8.6 Shields


You had 17 spell levels left.
You didn't know any spells.
Your spell library contained the following spells:

 Spells                   Type           Power      Damage    Failure   Level
 Apportation              Tloc           0%         N/A       47%         1
 Beastly Appendage        Tmut           0%         N/A       47%         1
 Foxfire                  Conj/Fire      0%         2x1d4     47%         1
 Freeze                   Ice            0%         1d3       47%         1
 Magic Dart               Conj           0%         1d3       47%         1
 Sting                    Tmut/Pois      0%         1d3       47%         1
 Blink                    Tloc           0%         N/A       63%         2
 Ensorcelled Hibernation  Hex/Ice        0%         N/A       63%         2
 Poisonous Vapours        Pois/Air       0%         N/A       63%         2
 Wereblood                Tmut           0%         N/A       63%         2
 Conjure Flame            Conj/Fire      0%         6-21      85%         3
 Frozen Ramparts          Ice            0%         1d2       85%         3
 Ignite Poison            Fire/Tmut/Pois 0%         N/A       85%         3
 Inner Flame              Hex/Fire       0%         N/A       85%         3
 Spider Form              Tmut/Pois      0%         N/A       85%         3
 Summon Guardian Golem    Hex/Summ       0%         N/A       85%         3
 Tukima's Dance           Hex            0%         N/A       85%         3
 Anguish                  Hex/Necr       0%         N/A       99%         4
 Animate Armour           Summ/Erth      0%         N/A       99%         4
 Cause Fear               Hex            0%         N/A       99%         4
 Dispel Undead            Necr           0%         3d6       99%         4
 Flame Wave               Conj/Fire      0%         2d4       99%         4
 Hailstorm                Conj/Ice       0%         3d3       99%         4
 Iskenderun's Mystic Bla  Conj/Tloc      0%         2d3       99%         4
 Leda's Liquefaction      Hex/Erth       0%         N/A       99%         4
 Olgreb's Toxic Radiance  Pois           0%         N/A       99%         4
 Passage of Golubria      Tloc           0%         N/A       99%         4
 Petrify                  Tmut/Erth      0%         N/A       99%         4
 Summon Lightning Spire   Summ/Air       0%         N/A       99%         4
 Alistair's Intoxication  Tmut/Pois      0%         N/A       100%        5
 Blade Hands              Tmut           0%         N/A       100%        5
 Lee's Rapid Deconstruct  Erth           0%         3d5*      100%        5
 Manifold Assault         Tloc           0%         N/A       100%        5
 Silence                  Hex/Air        0%         N/A       100%        5
 Yara's Violent Unravell  Hex/Tmut       0%         3d3       100%        5
 Conjure Ball Lightning   Conj/Air       0%         3x3d6     100%        6
 Death Channel            Necr           0%         N/A       100%        6
 Iron Shot                Conj/Erth      0%         9d1       100%        6
 Statue Form              Tmut/Erth      0%         N/A       100%        6
 Orb of Destruction       Conj           0%         9d5       100%        7
 Spellforged Servitor     Conj/Summ      0%         N/A       100%        7
 Storm Form               Tmut/Air       0%         N/A       100%        7
 Discord                  Hex            0%         N/A       100%        8
 Disjunction              Tloc           0%         N/A       100%        8
 Lehudib's Crystal Spear  Conj/Erth      0%         10d2      100%        8
 Maxwell's Capacitive Co  Air            0%         ∞         100%        8
 Necromutation            Tmut/Necr      0%         N/A       100%        8
 Dragon's Call            Summ           0%         N/A       100%        9
 Corpse Rot               Necr/Pois/Air  Unusable   N/A       N/A         4

Dungeon Overview and Level Annotations

Branches:
Dungeon (14/15)            Temple (1/1) D:7            Lair (5/5) D:9
  Swamp (4/4) Lair:2        Snake (4/4) Lair:2          Orc (2/2) D:10
    Elf (1/3) Orc:2        Vaults (2/5) D:13          Crypt (0/3) Vaults:2
  IceCv (visited)         Gauntlet (visited)
  Slime: Lair:4-5

Altars:
Ashenzari
Cheibriados
Dithmenos
Elyvilon
Fedhas
Gozag
Hepliaklqana
Kikubaaqudgha
Makhleb
Nemelex Xobeh
Okawaru
Qazlal
Ru
Sif Muna
Trog
Uskayaw
Vehumet
Wu Jian
Xom
Yredelemnul
Zin
The Shining One

Shops:
D:4 [**=   D:8 !   D:9 [   D:13 [   Orc:2 ([*=   Elf:1 (?!   Snake:1 :*(
Snake:2 (   Snake:3 (=?

Annotations:
D:4 Eustachio
D:5 1 runed translucent door, FizzleBang's ghost, novice MeWn
D:6 wingedge's ghost, novice HuWn
Snake:4 Asterion
Elf:1 Jorgrun
Vaults:2 1 transporter


Innate Abilities, Weirdness & Mutations

You are very small and have problems with some larger weapons.
You are too small for most types of armour.
You have supernaturally acute eyesight. (SInv)
You cover ground extremely quickly. (Speed+++)
You have sharp toenails.
You are mostly covered in iridescent scales. (AC +4)
You are clumsy. (Dex -2)
You expend magic power (3 MP) to strengthen your wands.


Message History

The bolt hits the frost giant!
The frost giant is moderately wounded.
You hear a loud "Zot"!
The frost giant casts a spell at you. The bolt of cold hits you. You resist.
You shoot a bolt. The bolt hits the frost giant!!
The frost giant is heavily wounded.
You radiate an aura of cold.
The frost giant is unaffected.
The vault warden resists.
The ironbound preserver resists.
The vault warden resists.
The slime creature seems to slow down.
You hear a loud "Zot"! x2
You shoot a bolt. The bolt hits the frost giant!!
The frost giant is severely wounded.
The ironbound frostheart calls freezing cold from the walls.
The frost grips you. You partially resist.
You are encased in ice.
The frost giant points at you and mumbles some strange words.
The bolt of cold misses you.
You shoot a bolt. The bolt hits the frost giant!
The frost giant is almost dead.
You radiate an aura of cold.
The frost giant is unaffected.
The ironbound preserver resists.
The vault warden seems to slow down.
The slime creature resists.
The ironbound frostheart is unaffected.
You hear a loud "Zot"!
The power of Zot is invoked against you!
Your willpower is stripped away!
The frost giant hits you with a +1 battleaxe of freezing!!
You hear a loud "Zot"!
The power of Zot is invoked against you!
You suddenly lose the ability to move!
You hear a loud "Zot"!
The frost giant hits you with a +1 battleaxe of freezing!!
* * * LOW HITPOINT WARNING * * *
The frost giant freezes you.
* * * LOW HITPOINT WARNING * * *
The vault warden is no longer moving slowly.
The slime creature is no longer moving slowly.
The vault warden hits you with a +2 long sword of holy wrath!!
You die...
Your body crumbles into a pile of gold.

.......#.# #.... #. .......#.#
####^.#.###. #### #. .......#.#
#.^..^#^... . #"^$###.
##....##.###.^.#^^^#. .^ #^(^###.
.#....#..###^..#^#^^..^. +"^?###.
.#....#.©###©.^.^p^#.... #^$©###©
.#....#..###^..#.#J...^ +=^$###.
.#....##.###^..#pCp# #^).###.
.#.....#.# #....@# #:^=###.
.#.....#.# ####^.# #### #.
.#.....#.# ##... #. .#.....#.###
##^## #######. .#.....#...## ##
###....... .#.....###..##
##...######
##.......##..##########..###.....
..........##............##<..^...
#######....##############........


You could see a frost giant, 2 vault wardens, a slime creature and an ironbound
frostheart.

Vanquished Creatures
  the Lernaean hydra (Swamp:4)
  Nikola (Snake:4)
  Mlioglotl (Swamp:3)
  Frances (Elf:1)
  A sphinx (Vaults:1)
  2 thorn hunters
  3 nagarajas (Snake:4)
  2 fenstrider witches
  Roxanne (Swamp:3)
  5 vault wardens
  Louise (Snake:2)
  An orc warlord (Orc:2)
  A curse skull (Vaults:2)
  Aizul (Swamp:1)
  4 very ugly things
  8 ironbound preservers
  2 ironbound thunderhulks
  4 eleionomae
  4 dire elephants (Vaults:1)
  A white draconian (IceCv)
  An entropy weaver (Vaults:2)
  3 bunyips
  A minotaur (Gauntlet)
  An ettin (Vaults:1)
  A shambling mangrove (Swamp:3)
  2 yaktaur captains
  3 great orbs of eyes
  6 vault guards
  18 hydras
  5 boulder beetles
  4 salamander tyrants
  A catoblepas (Gauntlet)
  12 anacondas
  4 ironbound frosthearts
  2 centaur warriors
  2 dancing weapons (Elf:1)
  15 alligators
  15 naga warriors
  3 orc high priests (Orc:2)
  A vampire mage (Vaults:2)
  7 shock serpents
  2 deep elf knights (Elf:1)
  12 naga sharpshooters
  5 salamander mystics
  Amaemon (Lair:3)
  2 spriggan druids
  5 sea snakes (Snake:3)
  2 starcursed masses (Abyss:3)
  11 swamp dragons
  10 bog bodies
  5 goliath frogs
  7 naga ritualists
  9 ironbound convokers
  A deep elf archer (Elf:1)
  24 deep trolls
  Pikel (D:5)
  4 lindwurms (Vaults:1)
  9 deep elf pyromancers
  5 deep elf zephyrmancers
  An ugly thing (D:10)
  A necromancer (Vaults:1)
  4 orc knights (Orc:2)
  A phantasmal warrior (Vaults:2)
  10 mana vipers
  A large abomination (Abyss:3)
  3 manticores
  6 orc sorcerers
  14 salamanders
  4 cyclopes
  10 elephants
  A smoke demon (Abyss:3)
  3 gargoyles
  6 guardian serpents
  An orange demon (Lair:3)
  13 naga magi
  32 black mambas
  6 vault sentinels
  A torpor snail (Gauntlet)
  14 cane toads
  12 yaktaurs
  3 unseen horrors
  12 rime drakes
  5 komodo dragons
  An efreet (D:13)
  A tengu conjurer (D:13)
  A bloated husk (Swamp:2)
  14 tyrant leeches
  4 trolls
  3 polar bears
  24 slime creatures
  6 hornets
  Prince Ribbit (D:7)
  20 blink frogs
  5 dream sheep (Lair:5)
  An air elemental (Elf:1)
  A flying skull (Vaults:2)
  A jumping spider (Vaults:2)
  Sigmund (D:2)
  5 spriggans
  A shadow (D:10)
  A vampire (D:11)
  A wyvern (D:10)
  4 wraiths
  Grum (D:10)
  18 yaks
  8 humans (D:13)
  5 basilisks
  A neqoxec (Abyss:3)
  22 vampire mosquitoes
  4 wargs
  39 nagas
  5 acid dragons
  14 water moccasins
  14 swamp worms
  Duvessa (D:5)
  8 swamp drakes
  A black bear (Lair:1)
  An ice beast (D:5)
  30 orc warriors
  5 ogres
  A boggart (D:14)
  A centaur (shapeshifter) (Vaults:1)
  17 centaurs
  37 wolves
  A phantom (D:6)
  3 kobold brigands
  14 bullfrogs
  3 scorpions
  6 necrophages
  3 wights (D:8)
  Dowan (D:5)
  2 vampire bats (Lair:3)
  11 killer bees
  3 lindwurm simulacra (IceCv)
  An electric eel (Lair:5)
  A howler monkey (D:13)
  3 komodo dragon simulacra (IceCv)
  4 hounds
  A gnoll bouda (D:5)
  31 orc priests
  Crazy Yiuf (D:4)
  Jessica (D:3)
  Ijyb (D:3)
  Terence (D:3)
  6 iguanas
  25 orc wizards
  13 gnolls
  7 acid dragon simulacra (IceCv)
  3 adders
  3 white imps
  8 steam dragon simulacra (IceCv)
  An ufetubus (D:7)
  A worm (D:2)
  3 dart slugs
  66 orcs
  5 endoplasms
  A giant cockroach (D:1)
  12 goblins
  13 hobgoblins
  5 quokkas
  6 ball pythons
  14 bats
  2 frilled lizards (D:1)
  20 kobolds
  4 rats
1070 creatures vanquished.

Vanquished Creatures (others)
  A vault guard (D:13)
  A salamander mystic (Snake:4)
  28 fungi
  159 plants
  5 withered plants (Gauntlet)
194 creatures vanquished.

Grand Total: 1264 creatures vanquished

Notes
Turn   | Place    | Note
-------+----------+-------------------------------------------
     0 | D:1      | reriks the Spriggan Hunter began the quest for the Orb.
     0 | D:1      | Reached XP level 1. HP: 10/10 MP: 2/2
   221 | D:1      | Reached skill level 2 in Stealth
   261 | D:1      | Reached XP level 2. HP: 15/15 MP: 3/3
  1039 | D:2      | Reached XP level 3. HP: 18/18 MP: 4/4
  1139 | D:2      | Found a faded altar of an unknown god.
  1159 | D:2      | Noticed Terence
  1576 | D:2      | Noticed Sigmund
  1620 | D:2      | Killed Sigmund
  1621 | D:2      | Reached skill level 4 in Stealth
  1621 | D:2      | Reached XP level 4. HP: 19/23 MP: 5/5
  1621 | D:2      | Reached XP level 5. HP: 22/27 MP: 6/6
  2502 | D:3      | Reached skill level 5 in Ranged Weapons
  2850 | D:2      | Reached XP level 6. HP: 32/32 MP: 7/7
  3285 | D:3      | Noticed Jessica
  3300 | D:3      | Killed Jessica
  3301 | D:3      | Reached skill level 5 in Stealth
  3514 | D:3      | Noticed Ijyb
  3567 | D:3      | Killed Ijyb
  3568 | D:3      | Reached skill level 5 in Dodging
  3961 | D:3      | Killed Terence
  4371 | D:4      | Found Neazecoez's Antique Armour Boutique.
  4388 | D:4      | Found a runed translucent door.
  4389 | D:4      | Noticed Crazy Yiuf
  4391 | D:4      | Identified the +4 hammer of Pyvveis {drain, *Slow rCorr
                  | SInv Stlth-}
  4543 | D:4      | Found Aser's Assorted Antiques.
  4560 | D:4      | Reached XP level 7. HP: 31/36 MP: 8/8
  4917 | D:4      | Found Biggies's Assorted Antiques.
  4924 | D:4      | Bought a scroll labelled SAPSIX IRPHUNG for 15 gold pieces
  4924 | D:4      | Bought a scroll labelled REYRUMEHUU for 15 gold pieces
  5108 | D:4      | Found Ypheidaf's Jewellery Emporium.
  5304 | D:4      | Reached skill level 6 in Stealth
  5518 | D:4      | Killed Crazy Yiuf
  5549 | D:5      | Entered Level 5 of the Dungeon
  5610 | D:5      | Noticed Duvessa
  5610 | D:5      | Noticed Dowan
  6038 | D:5      | Noticed Eustachio
  6737 | D:5      | Reached XP level 8. HP: 42/42 MP: 9/9
  7050 | D:5      | Noticed FizzleBang's ghost (novice MeWn)
  7055 | D:5      | Found a runed translucent door.
  7156 | D:5      | Reached skill level 7 in Stealth
  7336 | D:5      | Noticed Pikel
  7603 | D:5      | Killed Pikel
  7604 | D:5      | Reached skill level 8 in Stealth
  8313 | D:5      | Killed Duvessa
  8317 | D:5      | Reached XP level 9. HP: 38/46 MP: 10/10
  8362 | D:5      | Killed Dowan
  8932 | D:6      | Found a hide-covered altar of Uskayaw.
  8932 | D:6      | Found a shimmering altar of Xom.
  8939 | D:6      | Found a burning altar of Makhleb.
  8941 | D:6      | Found a faded altar of an unknown god.
  8943 | D:6      | Found a basalt altar of Yredelemnul.
  9173 | D:6      | Reached skill level 5 in Fighting
  9201 | D:6      | You fall into a shaft and drop 2 floors!
  9209 | D:8      | Found a sparkling altar of Nemelex Xobeh.
  9608 | D:6      | Reached skill level 9 in Stealth
  9966 | D:6      | Got the Meditations on Transmogrification
 10091 | D:6      | Found a transporter.
 10104 | D:6      | Noticed wingedge's ghost (novice HuWn)
 10158 | D:6      | Found a transporter.
 11364 | D:7      | Found a staircase to the Ecumenical Temple.
 11376 | Temple   | Entered the Ecumenical Temple
 11607 | Temple   | Became a worshipper of Gozag Ym Sagoz the Greedy
 12021 | D:7      | Noticed Prince Ribbit
 12076 | D:7      | Killed Prince Ribbit
 12077 | D:7      | Reached skill level 10 in Stealth
 12958 | D:7      | Noticed an unseen horror
 12969 | D:7      | Killed an unseen horror
 12970 | D:7      | Reached XP level 10. HP: 49/53 MP: 11/11
 13390 | D:7      | Reached skill level 10 in Ranged Weapons
 13574 | D:7      | Found a shimmering blue altar of Sif Muna.
 14171 | D:8      | Found a snail-covered altar of Cheibriados.
 14368 | D:8      | Found Woaqiygoss's Distillery.
 14709 | D:8      | Identified the +1 ring mail of the Bull {-Tele rPois rC+
                  | Will++}
 14942 | D:8      | Found a radiant altar of Vehumet.
 15988 | D:9      | Reached skill level 11 in Stealth
 16371 | D:9      | Found Mier Moz's Armour Shoppe.
 16606 | D:9      | Found a staircase to the Lair.
 17458 | D:10     | Entered Level 10 of the Dungeon
 17458 | D:10     | Noticed a gargoyle
 17850 | D:9      | Found the +4 skin of Zhor {*Englaciate rC+++ SInv}
 18593 | D:9      | Reached skill level 10 in Dodging
 19890 | D:9      | Reached XP level 11. HP: 20/58 MP: 12/12
 20378 | D:9      | Reached skill level 12 in Stealth
 20770 | Lair:1   | Entered Level 1 of the Lair of Beasts
 20794 | Lair:1   | Found a frozen archway.
 20804 | IceCv    | Entered an ice cave
 22075 | IceCv    | Noticed a white draconian
 22887 | IceCv    | Identified the ring "Desuvewa" {Wiz *Slow +Blink rF+ rCorr}
 22963 | IceCv    | Killed a white draconian
 23792 | IceCv    | Got the Meditations on Unclean Hypothermia
 24854 | Lair:1   | Reached skill level 13 in Stealth
 26393 | Lair:2   | Reached XP level 12. HP: 64/64 MP: 13/13
 26544 | Lair:2   | Found a staircase to the Snake Pit.
 27160 | Lair:2   | Noticed a seven-headed hydra
 27358 | Lair:2   | Noticed a six-headed hydra
 27361 | Lair:2   | Killed a six-headed hydra
 27386 | Lair:2   | Reached skill level 14 in Stealth
 27453 | Lair:2   | Found a staircase to the Swamp.
 27541 | Lair:2   | Killed a seven-headed hydra
 27892 | Lair:3   | Noticed Amaemon
 28425 | Lair:3   | Killed Amaemon
 29917 | Lair:4   | You fall into a shaft and drop 1 floor!
 29917 | Lair:5   | Entered Level 5 of the Lair of Beasts
 29991 | Lair:5   | Reached skill level 15 in Stealth
 30176 | Lair:5   | Reached XP level 13. HP: 69/69 MP: 14/14
 30868 | Lair:5   | Reached skill level 15 in Ranged Weapons
 31033 | Lair:5   | Reached skill level 16 in Stealth
 31319 | Lair:5   | Got the Lectures on Combat Magic
 31320 | Lair:5   | Identified the +9 chain mail "Ysyel" {Str+3}
 31326 | Lair:5   | Identified the ring "Jigy" {*Slow Fly rN+ Will+ Dex+6}
 32069 | D:10     | Noticed Grum
 32075 | D:10     | Killed Grum
 32105 | D:10     | Found a staircase to the Orcish Mines.
 32615 | Orc:1    | Entered Level 1 of the Orcish Mines
 33060 | Orc:2    | Entered Level 2 of the Orcish Mines
 33112 | Orc:2    | Found a gate leading to a gauntlet.
 33139 | Gauntlet | Entered a Gauntlet
 33139 | Gauntlet | Found a transporter.
 33146 | Gauntlet | Found a transporter.
 33148 | Gauntlet | Found a transporter.
 33162 | Gauntlet | Found a transporter.
 33165 | Gauntlet | Found a transporter.
 33172 | Gauntlet | Found a transporter.
 33188 | Gauntlet | Found a transporter.
 33199 | Gauntlet | Found a transporter.
 33211 | Gauntlet | Found a transporter.
 33227 | Gauntlet | Found a transporter.
 33237 | Gauntlet | Found a transporter.
 33238 | Gauntlet | Found a transporter.
 33284 | Gauntlet | Found a transporter.
 33298 | Gauntlet | Found a transporter.
 33669 | Gauntlet | Identified the +1 cloak of Uxosea {Rampage rF- Str+6
                  | Stlth-}
 33715 | Gauntlet | Noticed a minotaur
 33739 | Gauntlet | Killed a minotaur
 33836 | Gauntlet | Got the Papyrus of Adjuration and Dark Rituals
 33989 | Orc:2    | Found a staircase to the Elven Halls.
 34299 | Orc:2    | Reached XP level 14. HP: 76/76 MP: 15/15
 34653 | Orc:2    | Reached skill level 17 in Stealth
 34970 | Orc:2    | Noticed an orc warlord
 35017 | Orc:2    | Killed an orc warlord
 35765 | Orc:2    | Reached skill level 15 in Dodging
 35876 | Orc:2    | Reached skill level 10 in Fighting
 36405 | Orc:2    | Found Kubiul's General Store.
 36406 | Orc:2    | Found Dazy's Jewellery Shoppe.
 36408 | Orc:2    | Found Sumais's Antique Armour Shoppe.
 36408 | Orc:2    | Found Ejiumneoho's Antique Weapon Emporium.
 36413 | Orc:2    | Bought a scroll of enchant weapon for 112 gold pieces
 36413 | Orc:2    | Bought a potion of might for 60 gold pieces
 37044 | Snake:1  | Entered Level 1 of the Snake Pit
 37680 | Snake:1  | Found Rizxum's Weapon Boutique.
 38139 | Snake:1  | Found Edwaegech's Book Emporium.
 38213 | Snake:1  | Found Xomohugh's Assorted Antiques.
 38216 | Snake:1  | Bought a scroll of blinking for 202 gold pieces
 38216 | Snake:1  | Bought a potion of curing for 81 gold pieces
 38551 | Snake:1  | Reached skill level 18 in Stealth
 41449 | D:12     | Identified the +8 arbalest of Decaying Blind Justice
                  | {flame, rCorr Dex+4}
 41946 | D:13     | Reached XP level 15. HP: 81/81 MP: 16/16
 42328 | D:13     | Found a white marble altar of Elyvilon.
 42723 | D:13     | Found a gate to the Vaults.
 43687 | Snake:2  | Noticed Louise
 44417 | Snake:2  | Found Oxtisod's Weapon Shop.
 44600 | Snake:2  | Reached skill level 19 in Stealth
 44787 | Abyss:3  | Cast into level 3 of the Abyss (Louise)
 44845 | Abyss:3  | Gained mutation: Your body sometimes deteriorates upon
                  | taking damage. [a neqoxec]
 44864 | Snake:2  | Escaped the Abyss
 44876 | Snake:2  | Killed Louise
 46447 | Snake:3  | Found Foisiera's Magic Scroll Shoppe.
 46447 | Snake:3  | Found Hoam's Jewellery Emporium.
 46492 | Snake:3  | Found Acwetuph's Antique Weapon Shoppe.
 46691 | Snake:3  | Bought a scroll of enchant weapon for 97 gold pieces
 46691 | Snake:3  | Bought a scroll of enchant weapon for 97 gold pieces
 46700 | Snake:3  | Bought the ring of Tymehexe {rCorr SInv} for 468 gold
                  | pieces
 47997 | Snake:3  | Reached XP level 16. HP: 88/88 MP: 17/17
 48733 | Snake:3  | Reached skill level 20 in Stealth
 49595 | Snake:4  | Entered Level 4 of the Snake Pit
 49726 | Snake:4  | Noticed Nikola
 51344 | Snake:4  | Noticed Asterion
 51374 | Snake:4  | Noticed an Executioner
 53329 | Elf:1    | Entered Level 1 of the Elven Halls
 54366 | Elf:1    | Found Sudojod's Magic Scroll Emporium.
 54377 | Elf:1    | Bought a scroll of teleportation for 42 gold pieces
 54377 | Elf:1    | Bought a scroll of teleportation for 42 gold pieces
 54377 | Elf:1    | Bought a scroll of magic mapping for 105 gold pieces
 54407 | Elf:1    | Reached skill level 1 in Shields
 54524 | Elf:1    | Found Aruxkod's Distillery.
 54531 | Elf:1    | Bought 2 potions of haste for 360 gold pieces
 54545 | Elf:1    | Noticed Frances
 54578 | Elf:1    | Killed Frances
 54955 | Elf:1    | Noticed Jorgrun
 55485 | Swamp:1  | Entered Level 1 of the Swamp
 55991 | Swamp:1  | Noticed a thorn hunter
 55995 | Swamp:1  | Killed a thorn hunter
 56765 | Swamp:1  | Noticed Aizul
 57323 | Swamp:1  | Killed Aizul
 57615 | Swamp:2  | Reached skill level 21 in Stealth
 58475 | Swamp:3  | Reached XP level 17. HP: 93/93 MP: 18/18
 58885 | Swamp:2  | Identified the +6 short sword "Muexou" {vorpal, MP+9}
 59578 | Swamp:4  | Entered Level 4 of the Swamp
 61000 | Swamp:3  | Noticed Mlioglotl
 61011 | Swamp:3  | Killed Mlioglotl
 61398 | Swamp:3  | Noticed Roxanne
 61409 | Swamp:3  | Killed Roxanne
 65241 | Swamp:4  | Noticed the 27-headed Lernaean hydra
 66041 | Swamp:4  | Reached skill level 5 in Shields
 66259 | Swamp:4  | Killed the 27-headed Lernaean hydra
 66269 | Swamp:4  | Got a decaying rune of Zot
 69091 | Snake:4  | Killed Nikola
 69193 | Snake:4  | Lost mutation: Your body sometimes deteriorates upon taking
                  | damage. [potion of mutation]
 69193 | Snake:4  | Gained mutation: You are clumsy. (Dex -2) [potion of
                  | mutation]
 69193 | Snake:4  | Gained mutation: You sometimes lose your temper in combat.
                  | [potion of mutation]
 69193 | Snake:4  | Gained mutation: You have a pair of small horns on your
                  | head. [potion of mutation]
 69194 | Snake:4  | Lost mutation: You have a pair of small horns on your head.
                  | [potion of mutation]
 69194 | Snake:4  | Lost mutation: You sometimes lose your temper in combat.
                  | [potion of mutation]
 69194 | Snake:4  | Gained mutation: You have sharp toenails. [potion of
                  | mutation]
 69194 | Snake:4  | Gained mutation: You are partially covered in iridescent
                  | scales. (AC +2) [potion of mutation]
 69194 | Snake:4  | Gained mutation: You are mostly covered in iridescent
                  | scales. (AC +4) [potion of mutation]
 69194 | Snake:4  | Gained mutation: You expend magic power (3 MP) to
                  | strengthen your wands. [potion of mutation]
 69474 | Snake:4  | Reached skill level 22 in Stealth
 69846 | Snake:4  | Got a serpentine rune of Zot
 69875 | Snake:4  | Reached XP level 18. HP: 99/99 MP: 19/19
 70472 | Vaults:1 | Entered Level 1 of the Vaults
 75471 | Vaults:2 | Reached skill level 23 in Stealth
 76939 | Vaults:2 | Found a staircase to the Crypt.
 77130 | Vaults:2 | Found a transporter.
 77333 | Vaults:2 | Identified the +4 hand axe of Zin's Hope {holy, rC- rN++
                  | Str+2}
 77858 | Vaults:2 | Found a transporter.
 78564 | Vaults:2 | Paralysed by a Zot trap for 3 turns
 78565 | Vaults:2 | Slain by a vault warden

Illustrated notes

Levels and vault maps discovered:
D:1:      dpeg_arrival_pits, layout_loops_corners
D:2:      layout_loops_ring, hellmonk_ecumenical_altar_crossroads,
          chequers_serial_rivers_small_a, uniq_sigmund, uniq_terence
D:3:      layout_rooms, uniq_ijyb, uniq_jessica
D:4:      layout_gridville, serial_shops, nicolae_shop_behind_doors,
          kennysheep_mini_moat, nicolae_shop_overgrown_old_shop, shop,
          uniq_crazy_yiuf_cottage
D:5:      layout_basic, hellmonk_ghost_happy_afterlife, uniq_eustachio,
          uniq_pikel, uniq_duvessa
D:6:      layout_loops_ring, chequers_temple_overflow_minitemple,
          gammafunk_ghost_gnarly_gnolls
D:7:      corexii_shantytown, layout_gridville, nicolae_sif_muna_condensation,
          minmay_temple_entry_slanted, enter_bailey_2, uniq_prince_ribbit1
D:8:      layout_gridville, kennysheep_little_box,
          mainiacjoe_overflow_concentric_impassable, nemelex_spade_bored_becter,
          serial_shops, nicolae_shop_waterfront
D:9:      layout_layer_cave, david_lair_shrubbed, serial_shops,
          nicolae_shop_stone, chequers_serial_rivers_micro_e,
          hellmonk_guarded_unrand_zhor
D:10:     layout_rooms, orc_0_dummy, minmay_chambers_of_fives, uniq_grum
D:11:     layout_basic
D:12:     layout_roguey
D:13:     layout_irregular_city, ximxim_vaults_locker_room, elyvilon_altar_5
D:14:     minmay_the_grid_triangle_9x9_line_8_mashed
          [minmay_the_grid_triangle_9x9_semitri,
          minmay_the_grid_triangle_9x9_descending_squares,
          minmay_the_grid_triangle_9x9_pentomino_pain,
          minmay_the_grid_triangle_9x9_skeleton,
          minmay_the_grid_triangle_9x9_subtriangle,
          minmay_the_grid_triangle_9x9_intruding_spiral,
          minmay_the_grid_triangle_9x9_negative_grid,
          minmay_the_grid_triangle_9x9_prize_special], layout_rooms,
          amcnicky_mini_rare_corridor_liquid, laboratory, uniq_snorg
Temple:   eino_narrow_crystal_temple
Lair:1:   layout_regular_city, portal_ice_cave_entry_pillars_2,
          serial_bayou_shore_b
Lair:2:   layout_chaotic_city, palyth_hydra_swamp_entry,
          guppyfry_snake_entry_garden, roderic_carrion_pond
Lair:3:   beast_lair_carwin_large_4, layout_cave_pods, roderic_batcave,
          uniq_amaemon
Lair:4:   layout_gridlike, minmay_slime_entry_pillars,
          hangedman_lair_unloving_vines
Lair:5:   minmay_lair_end_frog_pond, layout_hall_layers, enter_volcano_4,
          st_stairs_4
Swamp:1:  layout_basic_swamp, serial_swamp_ruin, hangedman_swamp_ruin_wall,
          evilmike_swamp_ruin_house_3, swamp_pool3, uniq_aizul
Swamp:2:  layout_basic_swamp, evilmike_swamp_ruin_house_1
Swamp:3:  layout_basic_swamp, nicolae_swamp_feature_on_the_river_bank,
          swamp_pool3, uniq_mlioglotl, uniq_roxanne
Swamp:4:  grunt_swamp_rune_castle, layout_basic_swamp, swamp_pool4
Snake:1:  layout_onion_interference, serial_shops, shop, nicolae_lakefront_shop,
          nicolae_shop_behind_doors
Snake:2:  layout_basic, serial_shops, nicolae_shop_bloodbath_and_beyond,
          grunt_ministairs_14, nicolae_snake_squiggles, uniq_louise
Snake:3:  layout_rooms, serial_bayou, serial_bayou_pond_a, serial_bayou_pond_b,
          serial_bayou_shore_b, serial_bayou_shore_b, serial_bayou_pond_a,
          hangedman_snake_corridor_cut, minmay_shop_star
Snake:4:  snake_pit, layout_chambers, uniq_nikola, uniq_asterion
Orc:1:    layout_diamond_mine
Orc:2:    st_orc_congregation, layout_diamond_mine, basic_altar,
          gauntlet_entry_generic
Elf:1:    minmay_elf_arrival_summoners, layout_rooms, serial_shops,
          nicolae_shop_crystal, nicolae_shop_crystal, minmay_elf_annihilation,
          nicolae_elf_deep_friendship, uniq_frances, uniq_jorgrun
Vaults:1: v_misc_27, ontoclasm_vaults_claustrophobia,
          nicolae_vaults_yaktaur_gun_rack, v_misc_15,
          nicolae_vaults_angled_halls, v_alt_pattern_2, st_eye,
          vaults_room_fours, vaults_room_door_hall, ontoclasm_vaults_spin,
          layout_vaults_ring
Vaults:2: ontoclasm_vaults_ring_square, gammafunk_its_a_trap, vaults_room_fours,
          nicolae_vaults_big_angled_halls, hangedman_vaults_capsules,
          nicolae_vaults_ring_of_whatevers, minmay_crypt_entry_simple_box,
          layout_vaults_omnigrid

Skill      XL: |  1  2  3  4  5  6  7  8  9 10 11 12 13 14 15 16 17 18 |
---------------+-------------------------------------------------------+-----
Stealth        | 2 4 5 6 8 10 11 13 15 16 18 19 21 22 23 | 23.2
Dodging        | 3 4 5 6 7 9 10 11 13 14 15 17 18 19 20 | 20.1
Fighting       | 2 3 4 5 6 7 8 9 10 11 12 13 | 13.5
Ranged Weapons | 5 6 8 9 11 12 14 15 17 18 19 20 | 20.5
Shields        | 3 6 8 |  8.6

Action                   |  1- 3 |  4- 6 |  7- 9 | 10-12 | 13-15 | 16-18 || total
-------------------------+-------+-------+-------+-------+-------+-------++-------
 Fire: Shortbow          |    69 |   139 |   537 |   483 |       |    13 ||  1241
       Hand crossbow     |       |       |       |   424 |  1173 |  1439 ||  3036
Invok: Call Merchant     |       |       |       |       |     1 |     1 ||     2
Evoke: Wand              |       |       |       |       |       |     2 ||     2
  Use: Scroll            |       |     7 |     8 |    16 |    15 |     7 ||    53
       Potion            |       |       |       |     1 |       |     3 ||     4
Armor: Robe              |       |     1 |     3 |     3 |       |       ||     7
       Animal skin       |       |       |       |    20 |     8 |    20 ||    48
Dodge: Dodged            |     6 |    31 |   121 |   264 |   193 |   263 ||   878
Block: Other             |       |       |       |    22 |    14 |       ||    36
       Reflection        |       |       |       |     1 |    21 |    35 ||    57
       Buckler           |       |       |       |       |    62 |   179 ||   241

Table legend: (Time is in decaauts)
 A = Elapsed time spent in this place.
 B = Non-inter-level travel time spent in this place.
 C = Inter-level travel time spent in this place.
 D = Time resting spent in this place.
 E = Time spent auto-exploring this place.
 F = Levels seen in this place.
 G = Mean time per level.
                   A        B        C        D        E       F      G
               +--------+--------+--------+--------+--------+-----+--------+
         Total |  67432 |  64737 |   2695 |  42167 |  13291 |  36 | 1873.1 |
       Dungeon |  21213 |  19681 |   1532 |  10804 |   5378 |  14 | 1515.2 |
        Temple |    145 |    141 |      4 |      0 |    102 |   1 |  145.0 |
          Lair |   6773 |   6353 |    420 |   2972 |   2174 |   5 | 1354.6 |
         Swamp |  10966 |  10803 |    163 |   8527 |   1412 |   4 | 2741.5 |
     Snake Pit |  12707 |  12372 |    335 |   8924 |   2016 |   4 | 3176.8 |
  Orcish Mines |   3716 |   3621 |     95 |   2433 |    696 |   2 | 1858.0 |
   Elven Halls |   1319 |   1317 |      2 |   1053 |     75 |   1 | 1319.0 |
        Vaults |   7139 |   6997 |    142 |   4968 |   1216 |   2 | 3569.5 |
         Abyss |     56 |     56 |      0 |      0 |      0 |   1 |   56.0 |
      Ice Cave |   2865 |   2865 |      0 |   2312 |     88 |   1 | 2865.0 |
      Gauntlet |    528 |    528 |      0 |    169 |    130 |   1 |  528.0 |
               +--------+--------+--------+--------+--------+-----+--------+

Top non-repeatable levels by time:
 Swamp:4: 5326 daAuts
 Snake:4: 5225 daAuts
     D:9: 3917 daAuts
Vaults:1: 3827 daAuts
 Snake:3: 3475 daAuts
   Orc:2: 3343 daAuts
Vaults:2: 3311 daAuts
   IceCv: 2865 daAuts
 Swamp:3: 2568 daAuts
 Snake:2: 2391 daAuts
     D:7: 2245 daAuts
     D:8: 2145 daAuts
  Lair:2: 2082 daAuts
     D:5: 2072 daAuts
     D:6: 1733 daAuts
